 Dungeon Crawl Stone Soup version 0.29-a0-284-gf9362112df (webtiles) character file.

Game seed: 6996067841291607788

240 horus123 the Poker (level 6, -7/50 HPs)
             Began as a Merfolk Gladiator on Mar 20, 2022.
             Mangled by horus123's ghost (8 damage)
             ... on level 3 of the Dungeon.
             The game lasted 00:04:09 (2601 turns).

horus123 the Poker (Merfolk Gladiator)              Turns: 2601, Time: 00:04:10

Health: -7/50      AC:  5    Str: 14    XL:     6   Next: 8%
Magic:  6/6        EV: 13    Int:  7    God:
Gold:   174        SH:  0    Dex: 18    Spells: 5/5 levels left

rFire   + . .      SeeInvis .   q - +7 lajatang of Order {silver, rMut}
rCold   + . .      Faith    .   (shield currently unavailable)
rNeg    . . .      Spirit   .   b - +0 leather armour
rPois   .          Reflect  .   k - +2 hat
rElec   .          Harm     .   c - scarf {rC+ rF+}
rCorr   .          Rampage  .   (no gloves)
rMut    +                       (no boots)
Will    .....                   (no amulet)
Stlth   +.........              (no ring)
HPRegen 0.16/turn               (no ring)
MPRegen 0.10/turn

@: no status effects
A: (nimble swimmer 2), mertail
a: no special abilities


You were on level 3 of the Dungeon.
You visited 1 branch of the dungeon, and saw 3 of its levels.

You collected 174 gold pieces.

Inventory:

Hand Weapons
 a - a +0 trident
 q - the +7 lajatang of Order (weapon) {silver, rMut}
   (You found it on level 3 of the Dungeon)

   It inflicts extra damage upon those it strikes, and deals substantially
   increased damage to chaotic, mutated and magically transformed beings.
   rMut:      It protects you from mutation.
Missiles
 d - 3 throwing nets
 e - a javelin
 i - 7 poisoned darts (quivered)
Armour
 b - a +0 leather armour (worn)
 c - a scarf of resistance (worn)
 k - a +2 hat (worn)
Scrolls
 g - 3 scrolls of fear {unknown}
 l - 2 scrolls of teleportation {unknown}
 n - a scroll of enchant armour {unknown}
 p - a scroll of identify {unknown}
Potions
 f - 3 potions of heal wounds {unknown}
 h - a potion of mutation {unknown}
 j - a potion of lignification {unknown}
 m - a potion of curing {unknown}
 o - 2 potions of berserk rage {unknown}


   Skills:
 + Level 4.8 Fighting
 - Level 7.0 Polearms
 - Level 2.0 Throwing
 - Level 4.0 Dodging


You had 5 spell levels left.
You didn't know any spells.
Your spell library contained the following spells:

 Spells                   Type           Power      Damage    Failure   Level
 Static Discharge         Conj/Air       0%         N/A       65%         2
 Sublimation of Blood     Necr           0%         N/A       65%         2
 Wereblood                Tmut           0%         N/A       65%         2
 Lightning Bolt           Conj/Air       0%         1d11      100%        5
 Summon Hydra             Summ           0%         N/A       100%        7
 Maxwell's Capacitive Co  Air            0%         ∞         100%        8


Dungeon Overview and Level Annotations

Branches:
Dungeon (3/15)

Altars:

Annotations:
D:3 horus123's ghost, weakling MfGl


Innate Abilities, Weirdness & Mutations

((You are very nimble when in or above water. (Stealth+, EV+, Speed+++)))
Your lower body shifts to a powerful aquatic tail in water.


Message History

You open the gate.
Patoropollo's ghost wails.
Patoropollo's ghost attacks as you move away!
Patoropollo's ghost barely misses you.
Horus123's ghost attacks as you move away!
Horus123's ghost closely misses you.
Horus123's ghost whispers, "Meet the emptiness of death!"
Patoropollo's ghost attacks as you move away!
Patoropollo's ghost hits you.
Patoropollo's ghost wails.
You closely miss Patoropollo's ghost. Patoropollo's ghost hits you.
Patoropollo's ghost hits you!
You closely miss Patoropollo's ghost. Patoropollo's ghost misses you.
Horus123's ghost whispers, "It is all a dream - a grotesque and foolish dream."
Okay, then.
You slash Patoropollo's ghost!
Patoropollo's ghost is heavily damaged.
Patoropollo's ghost hits you but does no damage.
You slash Patoropollo's ghost!
Patoropollo's ghost is severely damaged.
Patoropollo's ghost misses you.
You hit Patoropollo's ghost.
Patoropollo's ghost is almost destroyed.
Patoropollo's ghost hits you. x2
You slice Patoropollo's ghost!!
You destroy Patoropollo's ghost!
Your Fighting skill gained 2 levels and is now at level 4!
You slash rabbitsville's ghost!
The silver sears rabbitsville's ghost!
Rabbitsville's ghost is heavily damaged.
Rabbitsville's ghost barely misses you.
You slash rabbitsville's ghost!
You destroy rabbitsville's ghost!
Horus123's ghost hits you!
* * * LOW HITPOINT WARNING * * *
You have reached level 6!
You closely miss horus123's ghost. Horus123's ghost misses you.
You barely miss horus123's ghost. Horus123's ghost hits you.
* * * LOW HITPOINT WARNING * * *
You closely miss horus123's ghost. Horus123's ghost hits you!
You die...

#.# #.##.....##.## #.#
#.#########..# #.# #.#
##.## #.# #.# ######..##
#.# #†# #...>.....
####.## #.### #.........
#.....# #...# #.........
##.#...#####'###.........
#......'@W....##.........
#......###....#########+#
#..8...# #....#### #..
#......# #.......# ##.
#......# #.......# #.
#......# ###'''### ##
######## ♣.......♣ #
#⌠.......⌠# # #♣......!♣#


You could see horus123's ghost.

Vanquished Creatures
  The ghost of Patoropollo the Skirmisher, an amateur DsFi (D:3)
  The ghost of rabbitsville the Pure, a weakling DsAK of Lugonu (D:3)
  3 adders
  A worm (D:3)
  3 dart slugs
  3 orcs (D:3)
  3 ball pythons
  2 endoplasms (D:1)
  A giant cockroach (D:2)
  6 goblins
  9 hobgoblins
  14 jackals
  4 quokkas
  A ball python skeleton (D:3)
  A ball python zombie (D:3)
  4 bats
  6 frilled lizards
  5 kobolds
  A quokka skeleton (D:3)
  A quokka zombie (D:3)
  4 rats
74 creatures vanquished.

Vanquished Creatures (others)
  3 withered plants (D:3)
3 creatures vanquished.

Grand Total: 77 creatures vanquished

Notes
Turn   | Place    | Note
-------+----------+-------------------------------------------
     0 | D:1      | horus123 the Merfolk Gladiator began the quest for the Orb.
     0 | D:1      | Reached XP level 1. HP: 16/16 MP: 1/1
    68 | D:1      | Reached XP level 2. HP: 10/22 MP: 2/2
   404 | D:1      | Reached skill level 5 in Polearms
   525 | D:1      | Reached XP level 3. HP: 26/27 MP: 3/3
  1279 | D:2      | Reached skill level 6 in Polearms
  1488 | D:2      | Reached XP level 4. HP: 33/33 MP: 4/4
  2056 | D:3      | Reached skill level 7 in Polearms
  2451 | D:3      | Found a runed translucent gate.
  2451 | D:3      | Found a runed translucent gate.
  2451 | D:3      | Found a runed translucent gate.
  2455 | D:3      | Noticed rabbitsville's ghost (weakling DsAK)
  2455 | D:3      | Noticed Patoropollo's ghost (amateur DsFi)
  2456 | D:3      | Noticed horus123's ghost (weakling MfGl)
  2462 | D:3      | Found the +7 lajatang of Order {silver, rMut}
  2468 | D:3      | Reached XP level 5. HP: 40/40 MP: 5/5
  2596 | D:3      | Killed Patoropollo's ghost
  2598 | D:3      | Killed rabbitsville's ghost
  2599 | D:3      | Reached XP level 6. HP: 6/50 MP: 6/6
  2600 | D:3      | HP: 1/50 [horus123's ghost (6)]
  2601 | D:3      | Mangled by horus123's ghost

Illustrated notes

Levels and vault maps discovered:
D:1:      onia_arrival_mini_maze_b, layout_basic, serial_bayou,
          serial_bayou_shore_b, serial_bayou_pond_b, serial_bayou_shore_b,
          serial_bayou_shore_b, serial_bayou_pond_e, minmay_statues_item
D:2:      layout_basic
D:3:      layout_basic, gammafunk_ghost_cemetery, serial_undead,
          serial_undead_d, serial_undead_e, serial_undead_d, serial_undead_f,
          serial_undead_a, st_stairs_6, grunt_ministairs_13

Skill      XL: |  1  2  3  4  5 |
---------------+----------------+-----
Polearms       | 5 6 7 |  7.0
Fighting       | 4 |  4.8
Throwing       | |  2.0
Dodging        | |  4.0

Action                   |  1- 3 |  4- 6 || total
-------------------------+-------+-------++-------
Melee: Trident           |   109 |   110 ||   219
       Punch             |     2 |       ||     2
       Lajatang          |       |    11 ||    11
Throw: Dart              |     2 |       ||     2
 Stab: Sleeping          |     3 |     2 ||     5
Armor: Leather armour    |    20 |    23 ||    43
Dodge: Dodged            |    53 |    68 ||   121

Table legend: (Time is in decaauts)
 A = Elapsed time spent in this place.
 B = Non-inter-level travel time spent in this place.
 C = Inter-level travel time spent in this place.
 D = Time resting spent in this place.
 E = Time spent auto-exploring this place.
 F = Levels seen in this place.
 G = Mean time per level.
                   A        B        C        D        E       F      G
               +--------+--------+--------+--------+--------+-----+--------+
         Total |   2593 |   2510 |     83 |      0 |   1970 |   3 |  864.3 |
       Dungeon |   2593 |   2510 |     83 |      0 |   1970 |   3 |  864.3 |
               +--------+--------+--------+--------+--------+-----+--------+

Top non-repeatable levels by time:
     D:1: 1162 daAuts
     D:3: 719 daAuts
     D:2: 712 daAuts
